AoeStats
← BadLadyBoy

Arabia

510036973Analyzed
1v1 RM · 3d ago on Sep 29, 2026· 23m 19s· 2 players
Game mode
Random Map
Map size
Tiny (2 player)
Population
200
Speed
Normal
Resources
Standard
Victory
Conquest
Starting age
Dark Age
Ending age
Imperial Age
RankedLock teamsTeams togetherTeam positionsShared explorationLock speedFull tech treeHidden civsTurbo modeCheats
Victory
Defeat
🇨🇳 Chinese · China
732
+14
🇺🇸 Aztecs · United States
689
-33
BadLadyBoy
13:03 Feudal Age
15:32 Man-at-Arms
16:16 Scale Mail Armor
19:22 Forging
黑哨哥
0:28 Loom
9:34 Feudal Age
11:09 Wheelbarrow
10:21 Double-Bit Axe
10:38 Man-at-Arms
16:49 Horse Collar
17:17 Town Watch
25:00 Castle Age
23:12 Forging
22:52 Fletching
23:03 Padded Archer Armor
23:03 Scale Mail Armor
23:39 Scale Mail Armor
23:45 Scale Barding Armor
23:43 Arson
Connection lost

Rejoining the realm…

Still unreachable

The connection could not be restored.

Session expired

The server has moved on; the page needs a fresh start.